 Dungeon Crawl Stone Soup version 0.30-a0-137-gd8773701ce (webtiles) character file.

Game seed: 17351108343013178614

1083 Sobieck the Insei (level 8, -1/54 HPs)
             Began as an Octopode Transmuter on Sept 23, 2022.
             Slain by an orc warrior
             ... wielding a +0 war axe
              (12 damage)
             ... on level 5 of the Dungeon.
             The game lasted 00:15:02 (6589 turns).

Sobieck the Insei (Octopode Transmuter)             Turns: 6589, Time: 00:15:02

Health: -1/54      AC:  2    Str:  9    XL:     8   Next: 30%
Magic:  11/11      EV: 21    Int: 17    God:
Gold:   90         SH:  0    Dex: 18    Spells: 1/11 levels left

rFire   . . .      SeeInvis .      - Unarmed
rCold   . . .      Faith    .    (shield currently unavailable)
rNeg    . . .      Spirit   .    (helmet currently unavailable)
rPois   .          Reflect  .    (no amulet)
rElec   .          Harm     .    q - ring of resist corrosion
rCorr   +          Rampage  .    e - ring of poison resistance
Will    .....                    (no ring)
Stlth   ++........               (no ring)
HPRegen 0.18/turn                (no ring)
MPRegen 0.12/turn                (no ring)
                                 (no ring)
                                 (no ring)

@: spider-form (expiring), invisible
A: venomous fangs, almost no armour, (amphibious), 8 rings, tiny, (camouflage
1), (gelatinous body 1), (nimble swimmer 1), (tentacles)
a: End Transformation


You were on level 5 of the Dungeon.
You were a venomous arachnid creature.
You visited 1 branch of the dungeon, and saw 5 of its levels.

You collected 330 gold pieces.
You spent 240 gold pieces at shops.


Innate Abilities, Weirdness & Mutations

You are a venomous arachnid creature.
You have poisonous fangs.
You are tiny and dextrous.
Your spellcasting is less reliable in this form.
Your armour is entirely melded.
You are incapable of wielding weapons or throwing items.
You cannot wear most types of armour.
((You are amphibious.))
You can wear up to eight rings at the same time.
((Your skin changes colour to match your surroundings (Stealth+).))
((Your rubbery body absorbs attacks. (AC +1, EV +1)))
((You are camouflaged when in or above water. (Stealth+)))
((You have tentacles for arms and can constrict up to eight enemies at once.))


   Skills:
 + Level 3.9 Fighting
 + Level 4.3 Dodging
 - Level 1.0 Stealth
 * Level 6.5 Unarmed Combat
 - Level 2.0 Spellcasting
 + Level 4.4 Transmutations
 + Level 2.2 Ice Magic
 - Level 1.0 Poison Magic


You had one spell level left.
You knew the following spells:

 Your Spells              Type           Power      Damage    Failure   Level
a - Beastly Appendage     Tmut           32%        N/A       11%         1
b - Spider Form           Tmut/Pois      10%        N/A       38%         3
c - Wereblood             Tmut           16%        N/A       14%         2
d - Ice Form              Ice/Tmut       12%        N/A       67%         4

Your spell library contained the following spells:

 Spells                   Type           Power      Damage    Failure   Level
 Ensorcelled Hibernation  Hex/Ice        10%        N/A       38%         2
 Scorch                   Fire           2%         2d5       50%         2
 Call Canine Familiar     Summ           1%         N/A       71%         3
 Portal Projectile        Hex/Tloc       2%         N/A       71%         3
 Anguish                  Hex/Necr       0%         N/A       96%         4
 Dispel Undead            Necr           1%         3d6       96%         4
 Leda's Liquefaction      Hex/Erth       0%         N/A       96%         4
 Simulacrum               Ice/Necr       2%         N/A       100%        6
 Necromutation            Tmut/Necr      4%         N/A       100%        8

Inventory:

Hand Weapons
 a - a +0 sling
   (You found it on level 3 of the Dungeon)
Missiles
 b - 51 stones {throwing}
 u - 4 poisoned darts (quivered) {throwing}
 x - 4 javelins {throwing}
Magical Staves
 c - a staff of earth {!astaff}
   (You found it on level 1 of the Dungeon)
 i - a staff of earth {!astaff}
   (You found it on level 5 of the Dungeon)
 k - a staff of death {!astaff}
   (You found it on level 1 of the Dungeon)
Jewellery
 e - a ring of poison resistance (right front leg)
   (You bought it in a shop on level 4 of the Dungeon)
 q - a ring of resist corrosion (left front leg)
   (You found it on level 2 of the Dungeon)
Scrolls
 n - 2 scrolls of teleportation {@r4}
Potions
 d - a potion of might {unknown}
 f - a potion of flight {unknown}
 g - a potion of haste {@q3}
 h - 2 potions of mutation {!q}
 j - a potion of brilliance {unknown}
 l - 2 potions of curing {@q1}
 o - a potion of magic
 r - 2 potions of invisibility
 s - a potion of attraction {unknown}
 v - 3 potions of lignification {!q}
 w - 4 potions of berserk rage {!q}

Dungeon Overview and Level Annotations

Branches:
Dungeon (5/15) Zot: 23410
 Temple: D:4-7

Altars:

Shops:
D:3 [   D:4 *

Annotations:
D:5 1 runed translucent door, Daunt's ghost, amateur MeFE

#...........# ..#
#...........# ..#
#...........# ..#####
####...........# ......#
#......######### ......#
#......# ......# #......#
......# #......#
......#####.....s###
##'###..........oo.#
.....#..........o..#
.....#............o#
.....')............#
##...#.)...........#######
##...###'##########......#
#....'............+......#
#....#............#......#


You could see an orc warrior (unable to see you, extremely poisoned), an orc
priest (unable to see you) and 2 orcs.


Message History

The orc attacks as you move away! The orc hits you with a +0 short sword.
* * * LOW HITPOINT WARNING * * *
As you read the scroll of fear, it crumbles to dust.
You assume a fearsome visage.
The orc warrior looks frightened!
The orc priest looks frightened!
The orc looks frightened! x2
Unknown command.
There is an open door here.
You howl as the wereblood boils in your veins!
Your primal bloodlust is almost over.
Daunt's ghost turns its malevolent gaze towards you.
Daunt's ghost screams, "Don't try to defend!
You have no chance!"
You howl as the wereblood boils in your veins!
Your primal bloodlust has ended.
There is a stone staircase leading up here.
You climb upwards.
There is a stone staircase leading down here.
Unknown command.
You start resting.
Unknown command.
You climb downwards.
Level annotation: 1 runed translucent door, Daunt's ghost, amateur MeFE
There is a stone staircase leading up here.
Unknown command.
Unknown command.
You open the door.
There is an open door here.
There is an open door here.
There is a stone staircase leading down here.
You open the door.
There is an open door here.
You open the door.
A hound comes into view.
Danger!
There is an open door here.
The helpless hound fails to defend itself.
You tentacle-slap the hound but do no damage.
Your grab misses the hound. The hound closely misses you.
You tentacle-slap the hound. You grab the hound.
You constrict the hound, but do no damage.
The hound pauses to sniff the ground.
The hound closely misses you.
You tentacle-slap the hound. You squeeze the hound.
You constrict the hound, but do no damage.
The hound closely misses you. The hound bites you.
You bludgeon the hound!
You kill the hound!
No target in view!
There is an open door here.
You open the door.
There is an open door here.
Things that are here:
a +0 scale mail; a +2 flail of draining {mace} You open the door.
There is an open door here.
o - 2 bubbling inky potions (gained 1)
The orc warrior shouts!
You hear a shout! x2
Danger!
Casting: Wereblood (safe; 4% risk of failure)
Confirm with . or Enter, or press ? or * to list all spells.
You turn into a venomous arachnid creature.
Unknown command.
You hit the orc warrior but do no damage.
The orc warrior is poisoned.
The orc warrior barely misses you.
Unknown command.
You hit the orc warrior but do no damage.
The orc warrior looks even sicker.
The orc warrior hits you with a +0 war axe!
You hit the orc warrior but do no damage.
The orc warrior looks as sick as possible!
The orc warrior hits you with a +0 war axe!
Unknown command.
The orc shouts!
You hit the orc warrior.
The orc warrior looks as sick as possible!
The orc warrior hits you with a +0 war axe!
* * * LOW HITPOINT WARNING * * *
Unknown command.
You hit the orc warrior but do no damage.
The orc warrior looks as sick as possible!
Unknown command.
You hit the orc warrior. The orc warrior completely misses you.
Unknown command.
The orc shouts!
You hit the orc warrior.
The orc warrior looks as sick as possible!
The orc warrior completely misses you.
Unknown command.
You barely miss the orc warrior.
The orc warrior hits you with a +0 war axe!
* * * LOW HITPOINT WARNING * * *
Unknown command.
Okay, then.
You fade into invisibility!
Your transformation is almost over.
The orc warrior misses you.
It was a potion of curing.
You feel better. The orc warrior completely misses you.
The orc closely misses you.
It was a potion of magic.
Magic courses through your body.
The orc warrior hits you with a +0 war axe!
You die...

Skill      XL: |  1  2  3  4  5  6  7  8 |
---------------+-------------------------+-----
Stealth        | 1 |  1.0
Unarmed Combat | 4 5 6 |  6.5
Poison Magic   | 1 |  1.0
Fighting       | 2 3 |  3.9
Transmutations | 3 4 |  4.4
Dodging        | 3 4 |  4.3
Ice Magic      | 1 2 |  2.2
Spellcasting   | |  2.0

Action                   |  1- 3 |  4- 6 |  7- 9 || total
-------------------------+-------+-------+-------++-------
Melee: Unarmed           |    74 |    94 |    87 ||   255
       Constrict         |    15 |    22 |     9 ||    46
       Kick              |    16 |    29 |     6 ||    51
       Tentacles         |     8 |    17 |    13 ||    38
       Punch             |       |     3 |     3 ||     6
 Fire: Sling             |       |     7 |     8 ||    15
Throw: Dart              |       |     4 |     8 ||    12
       Stone             |       |     1 |     1 ||     2
 Cast: Beastly Appendage |    19 |    12 |     3 ||    34
       Wereblood         |       |     1 |     2 ||     3
       Spider Form       |       |     1 |     7 ||     8
  Use: Scroll            |       |       |    16 ||    16
       Potion            |       |       |     4 ||     4
 Stab: Sleeping          |     9 |     7 |     3 ||    19
Armor: Skin              |     7 |     3 |     5 ||    15
Dodge: Dodged            |    33 |    62 |    74 ||   169

Levels and vault maps discovered:
D:1:      onia_arrival_mini_spirals, layout_rooms, serial_forest,
          infiniplex_forest_lined_room_, infiniplex_forest_end_1,
          infiniplex_forest_split, infiniplex_forest_straight_2,
          infiniplex_forest_lined_3_way, infiniplex_forest_lined_ring,
          roderic_lattice_a, hangedman_decor_clover_reticule
D:2:      layout_rooms, nicolae_ecumenical_pavilion, minmay_misc_feat_tiny,
          grunt_decor_junction, minmay_tetromino_o2, uniq_natasha
D:3:      layout_basic, serial_shops, nicolae_shop_stone, uniq_sigmund,
          uniq_jessica
D:4:      layout_rooms, guppyfry_shop_venom
D:5:      layout_gridville, ebering_ghost_reflecting_pool,
          nicolae_concentric_dashed_squares_mild, uniq_edmund

Notes
Turn   | Place    | Note
-------+----------+-------------------------------------------
     0 | D:1      | Sobieck the Octopode Transmuter began the quest for the
                  | Orb.
     0 | D:1      | Reached XP level 1. HP: 13/13 MP: 3/3
   181 | D:1      | You pick up a book of the Hunter and begin reading...
   181 | D:1      | You add the spells Call Canine Familiar, Portal Projectile
                  | and Leda's Liquefaction to your library.
   393 | D:1      | Reached XP level 2. HP: 12/18 MP: 3/5
   525 | D:1      | Reached skill level 1 in Stealth
  1040 | D:1      | Reached XP level 3. HP: 14/23 MP: 6/6
  1044 | D:1      | Learned a level 3 spell: Spider Form
  1047 | D:1      | Learned a level 2 spell: Wereblood
  1367 | D:2      | Found a faded altar of an unknown god.
  2118 | D:2      | Reached XP level 4. HP: 29/29 MP: 5/7
  2296 | D:2      | Noticed Natasha
  2332 | D:2      | Killed Natasha
  2333 | D:2      | Reached skill level 4 in Unarmed Combat
  2333 | D:2      | Reached skill level 1 in Poison Magic
  2400 | D:2      | Noticed Natasha
  2488 | D:2      | Killed Natasha
  2489 | D:2      | Reached skill level 2 in Fighting
  2489 | D:2      | Reached XP level 5. HP: 26/34 MP: 6/8
  2585 | D:2      | Noticed Natasha
  2594 | D:2      | Killed Natasha
  3156 | D:3      | Reached skill level 3 in Transmutations
  3221 | D:3      | Noticed Jessica
  3226 | D:3      | Killed Jessica
  3227 | D:3      | Reached skill level 3 in Dodging
  3261 | D:3      | Reached XP level 6. HP: 36/41 MP: 9/9
  3300 | D:3      | Found Alenio's Armour Emporium.
  3572 | D:3      | Noticed Sigmund
  3583 | D:3      | Killed Sigmund
  3584 | D:3      | Reached skill level 5 in Unarmed Combat
  4097 | D:4      | Reached skill level 3 in Fighting
  4097 | D:4      | Reached XP level 7. HP: 41/46 MP: 8/10
  4165 | D:4      | You add the spells Scorch, Dispel Undead, Simulacrum and
                  | Necromutation to your library.
  4165 | D:4      | Got the Catalogue of Loathsome Incandescence
  4252 | D:4      | Learned a level 4 spell: Ice Form
  4749 | D:4      | Found Exzu's Serpentskin Sales.
  4827 | D:4      | Bought a ring of poison resistance for 240 gold pieces
  4907 | D:5      | Entered Level 5 of the Dungeon
  4940 | D:5      | Reached skill level 1 in Ice Magic
  5253 | D:5      | You pick up a book of Dreams and begin reading...
  5253 | D:5      | You add the spells Ensorcelled Hibernation and Anguish to
                  | your library.
  5353 | D:5      | Reached skill level 4 in Dodging
  5353 | D:5      | Reached skill level 6 in Unarmed Combat
  5353 | D:5      | Reached skill level 4 in Transmutations
  5532 | D:5      | Reached XP level 8. HP: 39/53 MP: 5/11
  5634 | D:5      | Noticed Edmund
  5662 | D:5      | Killed Edmund
  5663 | D:5      | Reached skill level 2 in Ice Magic
  6180 | D:5      | Found a runed translucent door.
  6185 | D:5      | Noticed Daunt's ghost (amateur MeFE)
  6586 | D:5      | HP: 5/54 [orc warrior/+0 war axe (13)]
  6589 | D:5      | Slain by an orc warrior

Vanquished Creatures
  Sigmund (D:3)
  Edmund (D:5)
  2 ice beasts (D:5)
  An ogre (D:5)
  2 scorpions
  3 hounds
  An orc priest (D:5)
  An iguana (D:4)
  Jessica (D:3)
  Natasha (thrice) (D:2)
  3 gnolls (D:3)
  5 adders
  2 worms (D:3)
  2 dart slugs
  8 orcs
  3 ball pythons
  3 bats
  5 endoplasms
  7 giant cockroaches
  9 goblins
  10 hobgoblins
  6 jackals
  2 kobolds
  4 quokkas
  4 frilled lizards
  5 rats
94 creatures vanquished.

Table legend:
 A = Non-vault XP
 B = Vault XP
 C = Vault XP percentage of total XP
 D = Non-vault monster count
 E = Vault monster count
 F = Vault count percentage of total count
                 A         B        C        D         E       F
            +---------+---------+-------+---------+---------+-------
      Total |    1078 |     470 |  30.4 |      86 |       8 |   8.5
            +---------+---------+-------+---------+---------+-------
        D:1 |      38 |       0 |   0.0 |      22 |       0 |   0.0
        D:2 |     120 |      49 |  29.0 |      16 |       3 |  15.8
        D:3 |      99 |     260 |  72.4 |      23 |       2 |   8.0
        D:4 |     200 |       3 |   1.5 |      13 |       2 |  13.3
        D:5 |     621 |     158 |  20.3 |      12 |       1 |   7.7
            +---------+---------+-------+---------+---------+-------

Illustrated notes

Table legend:
 A = Kills in this place as a percentage of kills in entire the game.
 B = Kills by you in this place as a percentage of kills by you in the entire game.
 C = Kills by friends in this place as a percentage of kills by friends in the entire game.
 D = Other kills in this place as a percentage of other kills in the entire game.
 E = Experience gained in this place as a percentage of experience gained in the entire game.
 F = Experience gained in this place divided by the number of levels of this place that you have seen.
                   A       B       C       D       E      F
               +-------+-------+-------+-------+-------+----------------------
         Total | 100.0 | 100.0 |   N/A |   N/A | 100.0 | 309.6
       Dungeon | 100.0 | 100.0 |   N/A |   N/A | 100.0 | 309.6
               +-------+-------+-------+-------+-------+----------------------

Table legend: (Time is in decaauts)
 A = Elapsed time spent in this place.
 B = Non-inter-level travel time spent in this place.
 C = Inter-level travel time spent in this place.
 D = Time resting spent in this place.
 E = Time spent auto-exploring this place.
 F = Levels seen in this place.
 G = Mean time per level.
                   A        B        C        D        E       F      G
               +--------+--------+--------+--------+--------+-----+--------+
         Total |   6588 |   6337 |    251 |   2492 |   2758 |   5 | 1317.6 |
       Dungeon |   6588 |   6337 |    251 |   2492 |   2758 |   5 | 1317.6 |
               +--------+--------+--------+--------+--------+-----+--------+

Top non-repeatable levels by time:
     D:5: 1535 daAuts
     D:1: 1489 daAuts
     D:2: 1341 daAuts
     D:3: 1294 daAuts
     D:4: 927 daAuts
